 Dungeon Crawl Stone Soup version 0.28.0-45-g0d030f2227 (webtiles) character file.

Game seed: 16309227466374464252

240 CryoSword the Gusty (level 5, -2/40 HPs)
             Began as a Demigod Air Elementalist on Apr 15, 2022.
             Slain by a gnoll
             ... wielding a +0 spear
              (8 damage)
             ... on level 4 of the Dungeon.
             The game lasted 00:04:32 (4190 turns).

CryoSword the Gusty (Demigod Air Elementalist)      Turns: 4190, Time: 00:04:33

Health: -2/40      AC:  5    Str:  9    XL:     5   Next: 50%
Magic:  10/10      EV: 12    Int: 21    God:
Gold:   145        SH:  0    Dex: 14    Spells: 5/8 levels left

rFire   . . .      SeeInvis .   v - +6 shillelagh "Devastator" {shatter}
rCold   . . .      Faith    .   (no shield)
rNeg    . . .      Spirit   .   a - +0 robe
rPois   .          Reflect  .   (no helmet)
rElec   .          Harm     .   t - +1 cloak
rCorr   .          Rampage  .   (no gloves)
Will    +....                   e - +0 pair of boots
Stlth   ++........              (no amulet)
HPRegen 0.13/turn               j - ring of willpower
MPRegen 0.12/turn               (no ring)

@: no status effects
A: high MP 1, forlorn, divine attributes
a: no special abilities


You were on level 4 of the Dungeon.
You visited 1 branch of the dungeon, and saw 4 of its levels.

You collected 145 gold pieces.

Inventory:

Hand Weapons
 u - a +4 quarterstaff of chaos
   (You took it off Crazy Yiuf on level 2 of the Dungeon)
 v - the +6 shillelagh "Devastator" (weapon) {shatter}
   (You found it on level 2 of the Dungeon)

   It releases a powerful concussive burst when it strikes, dealing extra damage
   to the target and all other foes adjacent to them.
Missiles
 l - 4 boomerangs
 s - 4 poisoned darts
Armour
 a - a +0 robe (worn)
 e - a +0 pair of boots (worn)
   (You found it on level 1 of the Dungeon)
 t - a +1 cloak (worn)
   (You took it off Crazy Yiuf on level 2 of the Dungeon)
Magical Staves
 o - a staff of conjuration
   (You found it on level 2 of the Dungeon)
Jewellery
 j - a ring of willpower (left hand)
   (You found it on level 1 of the Dungeon)
Scrolls
 b - a scroll of amnesia
 c - 2 scrolls of acquirement {unknown}
 g - a scroll of teleportation {unknown}
 k - a scroll of enchant armour {unknown}
 m - a scroll of blinking {unknown}
 n - a scroll of holy word {unknown}
 r - a scroll of fear {unknown}
 x - a scroll of magic mapping {unknown}
 y - a scroll of noise {unknown}
Potions
 f - a potion of ambrosia
 h - a potion of degeneration {unknown}
 i - a potion of magic {unknown}
 p - 4 potions of brilliance {unknown}
 q - 3 potions of haste {unknown}
 w - a potion of berserk rage {unknown}


   Skills:
 + Level 1.6 Fighting
 + Level 1.0(1.3) Maces & Flails
 + Level 1.4(1.6) Staves
 - Level 2.0 Dodging
 - Level 2.0 Stealth
 - Level 2.0 Spellcasting
 * Level 3.0 Conjurations
 * Level 3.9 Air Magic


You had 5 spell levels left.
You knew the following spells:

 Your Spells              Type           Power      Damage    Failure   Level
a - Shock                 Conj/Air       64%        1d7       3%          1
b - Static Discharge      Conj/Air       16%        N/A       5%          2

Your spell library contained the following spells:

 Spells                   Type           Power      Damage    Failure   Level
 Swiftness                Air            18%        N/A       9%          3
 Airstrike                Air            9%         N/A       28%         4
 Ozocubu's Armour         Ice            2%         N/A       41%         3
 Flame Wave               Conj/Fire      8%         2d5       61%         4
 Lightning Bolt           Conj/Air       8%         1d20      69%         5
 Freezing Cloud           Conj/Ice/Air   5%         6-21      85%         5


Dungeon Overview and Level Annotations

Branches:
Dungeon (4/15)
 Temple: D:4-7


Innate Abilities, Weirdness & Mutations

You have an increased reservoir of magic. (+10% MP)
You shall have no god before yourself.
Your divine heritage dramatically boosts your attributes as you level up.


Message History

Could not explore, unopened door.
Could not explore, unopened door.
Could not explore, unopened door.
You open the door.
Found a stone staircase leading down.
There is an open door here.
There is an open door here.
There is an open door here.
You see here a +0 club.
There is a stone staircase leading up here.
Things that are here:
5 stones; a +0 short sword You see here a wand of charming (11).
A goblin comes into view. It is wielding a +0 club.
A goblin is nearby!
A goblin is nearby!
A goblin is nearby!
Found a whip.
Found 16 gold pieces.
The helpless goblin fails to defend itself.
You sock the goblin!
You kill the goblin!
No target in view!
No target in view!
No target in view!
No target in view!
No target in view!
No target in view!
No target in view!
No target in view!
No target in view!
No target in view!
Things that are here:
a +0 club; a goblin corpse You now have 145 gold pieces (gained 16).
You see here a +0 whip.
Could not explore, unopened door.
Could not explore, unopened door.
You open the door.
There is an open door here.
You see here a +0 club.
There is an open door here.
Could not explore, unopened door.
Could not explore, unopened door.
As you open the door, it creaks loudly!
There is an open door here.
Done exploring.
Done exploring.
Done exploring.
There is an open door here.
There is an open door here.
There is a stone staircase leading down here.
You climb downwards.
Found a scroll labelled VELLUS TUPEISCH.
There is a stone staircase leading up here.
A hobgoblin comes into view.
A hobgoblin is nearby!
A hobgoblin is nearby!
You see here a scroll labelled VELLUS TUPEISCH.
The helpless hobgoblin fails to defend itself.
You sock the hobgoblin!
You kill the hobgoblin!
y - a scroll labelled VELLUS TUPEISCH An orc priest comes into view.
It is wielding a +0 club.
The orc priest shouts!
You hear a shout! x2
An orc comes into view. It is wielding a +0 dagger.
There are monsters nearby!
There are monsters nearby!
There are monsters nearby!
A goblin and an orc come into view.
An orc priest comes into view. It is wielding a +0 flail.
A gnoll comes into view. It is wielding a +1 halberd of flaming.
A gnoll shaman comes into view. It is wielding a +0 whip.
The orc priest closely misses you.
You barely miss the orc priest.
The orc shouts!
The orc priest hits you with a +0 club.
The gnoll shaman shouts!
You sock the orc priest!
The orc priests and the orc shudder.
You kill the orc priest!
You hear a shout! x2
The gnoll shaman calls down the wrath of its god upon you.
You resist with almost no effort. The orc priest closely misses you.
A gnoll comes into view. It is wielding a +0 spear.
The gnoll shouts!
You hit the orc.
The orc priest shudders.
You kill the orc priest!
You kill the orc!
A gnoll comes into view. It is wielding a +0 flail.
The gnoll shaman calls upon its god to speed up the gnoll.
The gnoll seems to speed up.
A gnoll comes into view. It is wielding a +0 flail.
Your Maces & Flails skill increases to level 1!
Your Conjurations skill increases to level 3!
You sock the goblin!
You kill the goblin!
The gnoll hits you from afar with a +1 halberd of flaming.
The gnoll burns you.
A gnoll comes into view. It is wielding a +0 spear of venom.
You barely miss the orc. The gnoll closely misses you.
The gnoll shaman calls upon its god to speed up the gnoll.
The gnoll seems to speed up.
The gnoll hits you from afar with a +1 halberd of flaming!
The gnoll burns you.
* * * LOW HITPOINT WARNING * * *
The orc barely misses you.
The gnoll hits you from afar with a +0 spear.
* * * LOW HITPOINT WARNING * * *
The orc hits you but does no damage.
The gnoll hits you from afar with a +1 halberd of flaming.
* * * LOW HITPOINT WARNING * * *
The gnoll burns you.
* * * LOW HITPOINT WARNING * * *
Items here: )) [ ††.
Okay, then.
As you read the scroll labelled ENTEEDELIG, it crumbles to dust.
It is a scroll of amnesia.
Really abort (and waste the scroll)? [Y]es or [N]o only, please.
Really abort (and waste the scroll)?
Okay, then.
The gnoll closely misses you.
The gnoll hits you from afar with a +0 spear.
* * * LOW HITPOINT WARNING * * *
The orc hits you but does no damage.
You feel much better.
The gnoll hits you from afar with a +1 halberd of flaming.
The gnoll burns you.
The gnoll hits you from afar with a +0 spear.
The orc hits you with a +0 dagger.
The gnoll hits you from afar with a +1 halberd of flaming.
The gnoll burns you.
* * * LOW HITPOINT WARNING * * *
You feel much better. The gnoll barely misses you.
The gnoll completely misses you. The gnoll barely misses you.
The gnoll hits you with a +0 flail! The gnoll hits you but does no damage.
The orc hits you but does no damage.
You sock the gnoll!
The gnolls shudder.
You kill the gnoll!
The gnoll hits you from afar with a +1 halberd of flaming!
The gnoll burns you.
* * * LOW HITPOINT WARNING * * *
The gnoll hits you from afar with a +0 spear of venom.
* * * LOW HITPOINT WARNING * * *
The gnoll hits you from afar with a +1 halberd of flaming!
* * * LOW HITPOINT WARNING * * *
The gnoll burns you.
* * * LOW HITPOINT WARNING * * *
The gnoll barely misses you.
The gnoll hits you from afar with a +0 spear!
You die...

##.........##...
###........#...#
##............
#............
##............
#.............
##....g.......
##...ggg.....
##.o@##.##.
##..)g..#
###....# ...##
..... ......
####..# ...


You could see a gnoll shaman, 4 gnolls and an orc.

Vanquished Creatures
  3 orc priests
  Crazy Yiuf (D:2)
  A gnoll (D:4)
  5 adders (D:3)
  A worm (D:2)
  4 dart slugs
  3 orcs
  8 ball pythons
  2 endoplasms
  4 giant cockroaches
  9 goblins
  6 hobgoblins
  2 jackals (D:1)
  3 quokkas
  5 bats
  4 frilled lizards
  4 kobolds
  3 rats
68 creatures vanquished.

Notes
Turn   | Place    | Note
-------+----------+-------------------------------------------
     0 | D:1      | CryoSword the Demigod Air Elementalist began the quest for
                  | the Orb.
     0 | D:1      | Reached XP level 1. HP: 14/14 MP: 5/5
    43 | D:1      | Reached skill level 1 in Conjurations
   455 | D:1      | Reached XP level 2. HP: 20/20 MP: 5/7
   858 | D:1      | Learned a level 2 spell: Static Discharge
  1398 | D:2      | Reached XP level 3. HP: 20/27 MP: 0/8
  2654 | D:2      | Found a runed translucent door.
  2654 | D:2      | Found the +6 shillelagh "Devastator" {shatter}
  2655 | D:2      | Noticed Crazy Yiuf
  2720 | D:2      | Killed Crazy Yiuf
  2721 | D:2      | Reached skill level 1 in Fighting
  3108 | D:3      | Reached XP level 4. HP: 34/35 MP: 9/9
  3275 | D:3      | Got the Catalogue of Freezing Conjuration
  3652 | D:3      | Reached skill level 1 in Staves
  3908 | D:3      | Reached XP level 5. HP: 40/40 MP: 10/10
  4184 | D:4      | Reached skill level 1 in Maces & Flails
  4190 | D:4      | Slain by a gnoll

Illustrated notes

Levels and vault maps discovered:
D:1:      roderic_dead_forest, layout_basic, st_stairs_1, serial_bayou_lagoon_b
D:2:      minmay_chambers_of_ones, layout_basic,
          chequers_ecumenical_altar_grove, serial_park_tiny_pond,
          uniq_crazy_yiuf_cottage
D:3:      layout_loops_corners, gammafunk_temple_overflow_pools,
          minmay_misc_feat_five, solitary_fountain
D:4:      layout_cave_pools

Skill      XL: |  1  2  3  4  5 |
---------------+----------------+-----
Conjurations   | 1 2 3 |  3.0
Air Magic      | 3 |  3.9
Stealth        | 2 |  2.0
Dodging        | 2 |  2.0
Spellcasting   | 2 |  2.0
Fighting       | 1 |  1.6
Staves         | 1 |  1.4
Maces & Flails | 1 |  1.0

Action                   |  1- 3 |  4- 6 || total
-------------------------+-------+-------++-------
Melee: Unarmed           |     9 |       ||     9
       Dagger            |    12 |       ||    12
       Shillelagh        |     4 |    47 ||    51
       Staff             |     2 |       ||     2
 Cast: Shock             |    62 |       ||    62
       Static Discharge  |    14 |       ||    14
  Use: Scroll            |     2 |     1 ||     3
       Potion            |       |     2 ||     2
 Stab: Sleeping          |       |     3 ||     3
Armor: Robe              |     8 |    14 ||    22
Dodge: Dodged            |    24 |    31 ||    55
